 Dungeon Crawl Stone Soup version 0.28.0-45-g0d030f2227 (webtiles) character file.

Game seed: 5794743592863778591

63 NinjaNoafa the Chopper (level 4, -6/40 HPs)
             Began as a Hill Orc Monk on Apr 17, 2022.
             Mangled by a gnoll
             ... wielding a +0 halberd
              (16 damage)
             ... on level 2 of the Dungeon.
             The game lasted 00:04:13 (1914 turns).

NinjaNoafa the Chopper (Hill Orc Monk)              Turns: 1914, Time: 00:04:14

Health: -6/40      AC:  3    Str: 15    XL:     4   Next: 10%
Magic:  4/4        EV: 12    Int: 10    God:
Gold:   103        SH:  0    Dex: 13    Spells: 3/3 levels left

rFire   . . .      SeeInvis .   a - +0 hand axe
rCold   . . .      Faith    .   (no shield)
rNeg    . . .      Spirit   .   b - +0 robe
rPois   .          Reflect  .   (no helmet)
rElec   .          Harm     .   (no cloak)
rCorr   .          Rampage  .   j - +0 pair of gloves
Will    .....                   (no boots)
Stlth   ++........              (no amulet)
HPRegen 0.13/turn               (no ring)
MPRegen 0.09/turn               (no ring)

@: mighty, brilliant
A: no striking features
a: no special abilities


You were on level 2 of the Dungeon.
You visited 1 branch of the dungeon, and saw 2 of its levels.

You collected 103 gold pieces.

Inventory:

Hand Weapons
 a - a +0 hand axe (weapon)
 i - a +0 hunting sling
 l - a +0 war axe
Missiles
 e - 32 stones (quivered)
 m - 5 poisoned darts
Armour
 b - a +0 robe (worn)
 j - a +0 pair of gloves (worn)
Scrolls
 d - a scroll of magic mapping {unknown}
 g - 2 scrolls of fear {unknown}
 h - a scroll of identify {unknown}
 k - a scroll of teleportation {unknown}
Potions
 f - 3 potions of brilliance


   Skills:
 + Level 4.2 Fighting
 + Level 4.7 Axes
 + Level 0.8 Throwing
 + Level 2.8 Dodging
 + Level 2.2 Stealth


You had 3 spell levels left.
You didn't know any spells.
Your spell library was empty.

Dungeon Overview and Level Annotations

Branches:
Dungeon (2/15)

Altars:


Message History

Found a scroll labelled XYMPAELUNI.
The gnoll shouts!
You hear a shout!
A frilled lizard comes into view.
The gnoll shouts!
The gnoll barely misses you.
The frilled lizard moves out of view.
The gnoll completely misses you.
The gnoll hits you from afar with a +0 halberd.
You closely miss the gnoll. The gnoll misses you. The gnoll barely misses you.
The frilled lizard hisses angrily.
You hit the gnoll.
The gnoll is lightly wounded.
The gnoll barely misses you. x2
It was a potion of brilliance.
You feel clever all of a sudden. The gnoll hits you with a +0 spear!
The gnoll hits you from afar with a +0 halberd.
The gnoll barely misses you.
It was a potion of might.
You feel very mighty all of a sudden. The gnoll hits you but does no damage.
The gnoll completely misses you. The gnoll closely misses you.
The gnoll hits you from afar with a +0 spear.
The frilled lizard bites you but does no damage.
You barely miss the gnoll. You closely miss the frilled lizard.
The gnoll hits you from afar with a +0 spear.
The frilled lizard bites you but does no damage.
The gnoll closely misses you. x2; The frilled lizard closely misses you.
The gnoll misses you.
You slash the gnoll!
You kill the gnoll!
You barely miss the frilled lizard. You hit the gnoll but do no damage.
You closely miss the gnoll. The gnoll hits you with a +0 halberd!
* * * LOW HITPOINT WARNING * * *
The frilled lizard bites you but does no damage.
The gnoll hits you with a +0 flail.
* * * LOW HITPOINT WARNING * * *
You have reached level 4!
It was a potion of curing.
You feel better. The gnoll hits you with a +0 halberd!
You die...

....?...# #......#.#
.........# ### .#....#..#
#.. .........# #.#
..#..#...########## #.#
..................####.#
...##.g..########...)..#
......l@.# #..#####
..#..#)g.# #..#
...........## ##..#####
...#....#...######.....รท..
#...........##.......#####
#.#......#..##.###..###...
...........##.# #..# #.##
####.#.####..##.###..# #>##
.......####..........###...


You could see 2 gnolls and a frilled lizard.

Vanquished Creatures
  2 adders (D:2)
  A gnoll (D:2)
  A dart slug (D:1)
  5 endoplasms
  4 goblins
  4 hobgoblins
  2 quokkas
  3 ball pythons
  5 bats (D:1)
  A frilled lizard (D:1)
  2 kobolds
  3 rats
33 creatures vanquished.

Vanquished Creatures (others)
  5 toadstools (D:1)
5 creatures vanquished.

Grand Total: 38 creatures vanquished

Notes
Turn   | Place    | Note
-------+----------+-------------------------------------------
     0 | D:1      | NinjaNoafa the Hill Orc Monk began the quest for the Orb.
     0 | D:1      | Reached XP level 1. HP: 19/19 MP: 1/1
   382 | D:1      | Reached XP level 2. HP: 22/27 MP: 2/2
   588 | D:1      | Found a faded altar of an unknown god.
  1027 | D:2      | Reached XP level 3. HP: 32/33 MP: 3/3
  1914 | D:2      | Reached XP level 4. HP: 5/40 MP: 4/4
  1914 | D:2      | Mangled by a gnoll

Illustrated notes

Levels and vault maps discovered:
D:1:      ldierk_walled_garden, layout_loops_ring,
          shapermc_ecumenical_altar_venn, minmay_tromino_i2
D:2:      layout_loops_ring, eino_tiny_chamber, minmay_misc_feat_more_columns

Skill      XL: |  1  2  3 |
---------------+----------+-----
Stealth        | 2 |  2.2
Fighting       | 4 |  4.2
Axes           | |  4.7
Throwing       | |  0.8
Dodging        | |  2.8

Action                   |  1- 3 |  4- 6 || total
-------------------------+-------+-------++-------
Melee: Hand axe          |    90 |       ||    90
       Punch             |     1 |       ||     1
Throw: Stone             |     1 |       ||     1
  Use: Potion            |     2 |     1 ||     3
 Stab: Sleeping          |     6 |       ||     6
Armor: Robe              |    23 |       ||    23
Dodge: Dodged            |    80 |       ||    80
